Map: Valle del ocaso EE

Players

MrFercho

  • Race: Terran Terran
  • Spawn Location: 9:00

tigro

  • Race: Terran Terran
  • Spawn Location: 12:00

PhantomNiqht

  • Race: Protoss Protoss
  • League: Platinum
  • Spawn Location: 12:00

chopy

  • Race: Terran Terran
  • Spawn Location: 11:00

juantro - Winner!

  • Race: Protoss Protoss
  • League: Diamond
  • Spawn Location: 5:00

VOD

Have the link to the VOD?

Description

Time

  • Played on: Aug. 2, 2019, 10:45 p.m.
  • Length: 21:36
Show
View Real Time Build Order
Export as new Build Order

MrFercho Terran 

Build Orders:  

Get SALT Encoding   

  12  0:03  SCV  
  13  0:22  SCV  
  14  0:29  Supply Depot  
  14  0:49  Refinery  
  14  1:02  Barracks  
  14  1:47  SCV  
  15  2:00  SCV  
  16  2:08  Reaper  
  17  2:12  SCV  
  18  2:24  SCV  
  20  2:37  SCV  
  19  3:12  Barracks  
  19  3:15  Barracks, SCV  
  20  3:23  Refinery  
  19  3:27  SCV  
  19  3:40  SCV  
  1  3:52  SCV  
  2  4:05  SCV  
  4  4:17  SCV  
  4  4:26  Marine  
  4  4:29  SCV  
  6  4:41  Supply Depot, SCV  
Show
View Real Time Build Order
Export as new Build Order

tigro Terran 

Build Orders:  

Get SALT Encoding   

  12  0:08  SCV  
  13  0:20  SCV  
  14  0:32  SCV  
  14  0:33  Supply Depot  
  15  0:42  Refinery  
  15  0:49  Refinery  
  15  0:55  SCV  
  16  1:04  Barracks  
  16  1:14  Engineering Bay  
  16  2:05  Marine  
  17  2:14  Barracks  
  17  2:23  Marine, Missile Turret  
  18  2:32  Planetary Fortress  
  18  2:41  Marine  
  18  2:42  Supply Depot  
  19  2:59  Marine  
  19  3:04  Barracks Tech Lab  
  20  3:17  Marine  
  21  3:24  Combat Shield  
  21  3:26  Command Center  
  21  3:30  Marine  
  22  3:34  Marine  
  23  3:52  Marine  
  24  4:10  Marine  
  24  4:14  Marauder  
  27  4:34  Marine  
  28  4:48  Barracks Tech Lab  
  23  4:53  Marauder  
  18  5:14  Marauder  
  12  5:53  Barracks  
  12  5:55  Planetary Fortress  
  4  6:36  SCV  
  5  6:41  Missile Turret  
  5  6:48  Barracks Tech Lab, SCV  
  6  7:06  Missile Turret  
  6  7:08  Refinery  
  6  7:13  SCV  
  7  7:17  SCV  
  8  7:51  Marauder  
  10  7:55  Terran Infantry Weapons Level 1  
  10  8:05  Barracks  
  10  8:12  Marauder  
  11  8:25  Missile Turret  
  11  8:34  Marauder  
  13  8:55  Marauder  
  15  8:56  Missile Turret  
  15  8:57  SCV  
  16  9:16  Marauder  
  18  9:18  SCV  
  19  9:37  Marine  
  20  9:43  Factory  
  20  9:48  Marine  
  20  9:49  Terran Infantry Armor Level 1  
  21  9:55  Marine  
  22  10:00  SCV  
  22  10:06  Marine  
  24  10:13  Marine  
  25  10:18  Refinery  
  25  10:23  Marine  
  26  10:31  Marine  
  27  10:41  Marine  
  26  10:59  Marine  
  26  11:02  Factory Tech Lab  
  27  11:04  Missile Turret  
  27  11:17  Marine  
  28  11:35  Marine  
  29  11:43  Neosteel Armor  
  29  11:46  SCV  
  30  11:58  Marine  
  31  12:23  Siege Tank  
  34  13:01  Armory  
  20  13:09  Marine  
  10  13:30  Concussive Shells  
  10  14:06  Missile Turret  
  10  14:15  SCV  
  11  14:51  Marine  
  12  14:53  Starport  
  13  15:00  SCV  
  13  15:38  Marine  
  14  15:50  Starport Tech Lab  
  14  15:55  Marine  
  14  15:56  Marine  
  16  16:14  Marine  
  16  16:16  Terran Vehicle Weapons Level 1  
  17  16:28  Medivac  
  17  16:32  Marine  
  20  16:49  Marine  
  21  16:59  Medivac  
  23  17:08  Marauder  
  25  17:10  Marine  
  26  17:28  Marine  
  27  17:44  Viking  
  9  18:20  Marine  
  10  18:32  Engineering Bay  
  10  18:38  Marine  
  11  18:56  Marine  
  12  19:14  Marine  
  13  19:31  Marine  
  13  19:36  Missile Turret  
  14  19:49  Marine  
  15  20:33  Supply Depot  
  15  20:54  Marine  
Show
View Real Time Build Order
Export as new Build Order

PhantomNiqht Protoss 

Build Orders:  

Get SALT Encoding   

  12  0:00  Probe  
  13  0:16  Probe  
  13  0:19  Pylon  
  14  0:30  Probe  
  15  0:39  Gateway  
  15  0:42  Probe  
  16  0:55  Probe  
  17  1:01  Assimilator  
  17  1:07  Probe  
  18  1:19  Probe  
  19  1:31  Probe  
  20  1:48  Cybernetics Core  
  20  1:51  Zealot  
  22  1:57  Pylon  
  22  2:03  Probe  
  23  2:15  Probe  
  24  2:18  Stalker  
  24  2:19  Warp Gate  
  24  2:27  Probe  
  26  2:38  Stalker  
  28  2:57  Probe  
  29  3:01  Twilight Council  
  28  3:09  Probe  
  29  3:13  Stalker  
  29  3:17  Pylon  
  31  3:29  Nexus  
  31  3:30  Pylon  
  31  3:31  Gateway  
  31  3:32  Pylon  
  31  3:33  Pylon  
  31  3:35  Assimilator  
  31  3:39  Probe  
  32  4:09  Stalker  
  34  4:27  Stalker  
  34  4:28  Shield Battery  
  34  4:30  Shield Battery  
  36  4:33  Shield Battery  
  36  4:35  Shield Battery  
  36  4:37  Stalker  
  32  5:02  Stalker x2  
  36  5:27  Probe x2  
  38  5:28  Stalker x2  
  42  5:39  Probe x2  
  44  5:51  Probe  
  44  5:54  Stalker  
  47  6:00  Probe x2  
  49  6:05  Assimilator  
  49  6:08  Assimilator, Probe x2  
  45  6:17  Probe  
  47  6:21  Stalker x2  
  52  6:49  Stalker  
  54  7:16  Stalker  
  54  7:17  Stalker  
  58  7:27  Robotics Facility  
  58  7:46  Stalker  
  58  7:47  Stalker  
  54  8:20  Stalker x2  
  58  8:37  Probe  
  58  8:39  Immortal  
  63  9:04  Templar Archives  
  63  9:16  Pylon, Blink  
  63  9:17  Pylon  
  63  9:22  Pylon  
  63  9:24  Pylon, Nexus  
  63  9:25  Pylon  
  63  9:26  Assimilator  
  63  9:29  Assimilator  
  63  9:33  Pylon  
  63  9:34  Pylon, Probe  
  63  9:36  Pylon  
  64  9:46  Probe  
  65  9:58  Probe  
  66  10:05  Psionic Storm  
  66  10:10  Probe  
  67  10:22  Probe  
  67  10:24  Forge  
  67  10:25  Forge  
  68  10:34  Probe  
  69  10:56  High Templar x2  
  73  11:02  Probe x2  
  75  11:13  Immortal  
  75  11:14  Probe  
  80  11:27  Nexus  
  80  11:29  Pylon, Zealot x2  
  80  11:30  Pylon  
  80  11:32  Pylon  
  84  11:34  Pylon  
  84  11:36  Pylon  
  84  11:37  Assimilator  
  84  11:41  Protoss Ground Armor Level 1, Protoss Ground Weapons Level 1  
  84  11:43  Assimilator  
  84  11:52  Observer  
  85  12:14  Protoss Air Weapons Level 1  
  85  12:16  High Templar  
  85  12:17  High Templar  
  89  12:35  Probe x2  
  91  12:38  Immortal, Probe  
  91  12:43  Probe x2  
  92  12:46  Probe  
  99  12:51  High Templar x2  
  97  13:17  Warp Prism  
  90  13:40  High Templar x2  
  94  13:47  Photon Cannon  
  94  13:52  Photon Cannon  
  94  13:54  Photon Cannon  
  72  14:29  Zealot x2  
  24  15:30  Stargate  
  24  15:33  Stargate  
  24  15:34  Protoss Shields Level 1  
  24  15:39  Probe  
  24  15:40  Probe x2  
  27  15:52  Probe x3  
  30  16:00  Stargate  
  30  16:04  Probe x3  
  33  16:16  Probe x3  
  35  16:20  Fleet Beacon  
  35  16:23  Cybernetics Core  
  35  16:30  Photon Cannon  
  35  16:31  Probe x2  
  35  16:32  Probe  
  35  16:33  Photon Cannon  
  35  16:39  Probe x2  
  38  16:40  Probe  
  41  16:48  Probe  
  41  16:49  Void Ray x3, Probe x2  
  56  17:13  Probe  
  56  17:20  High Templar x2  
  56  17:21  Probe  
  62  17:31  Carrier, Probe  
  63  17:40  Archon  
  63  17:43  Probe  
  70  17:55  Probe  
  71  18:04  Mothership  
  45  20:27  Gateway  
  45  20:28  Nexus  
  41  20:30  Pylon  
  41  20:31  Pylon  
Show
View Real Time Build Order
Export as new Build Order

chopy Terran 

Build Orders:  

Get SALT Encoding   

  12  0:04  SCV  
  13  0:16  SCV  
  14  0:32  Supply Depot  
  14  0:33  SCV  
  15  0:54  SCV  
  15  0:55  Barracks  
  16  0:57  Barracks  
  16  1:06  SCV  
  17  1:13  Barracks  
  17  1:16  Supply Depot  
  17  1:35  Refinery  
  17  1:44  Marine  
  17  1:46  Marine  
  19  2:01  Barracks  
  19  2:02  Marine  
  19  2:03  Marine  
  21  2:16  Marine  
  22  2:34  Marine  
  22  2:36  Marine x2  
  24  2:50  Barracks Reactor  
  24  2:52  Marine  
  24  2:54  Marine x2  
  26  3:05  Barracks  
  26  3:08  SCV  
  27  3:20  SCV  
  28  3:53  Marine x3  
  31  4:03  Supply Depot  
  31  4:17  Refinery  
  31  4:24  Barracks Reactor, Marine  
  31  4:26  Supply Depot  
  31  4:27  Barracks Reactor  
  32  4:37  Marine x2  
  34  4:40  Barracks Reactor  
  34  4:45  Barracks Reactor  
  34  4:54  Supply Depot, Marine x2  
  36  5:02  SCV  
  36  5:04  Marine x2  
  36  5:05  Marine x2  
  41  5:12  Marine x2  
  43  5:14  SCV  
  44  5:21  Marine  
  44  5:22  Marine  
  44  5:23  Marine x2  
  48  5:29  Marine  
  48  5:30  Marine x5  
  54  5:41  Marine  
  55  5:44  Supply Depot  
  55  6:05  Marine x4  
  44  7:02  Marine  
  44  7:03  Marine x6  
  44  7:04  Marine x2  
  52  7:20  Marine  
  52  7:21  Marine x6  
  59  7:30  Supply Depot  
  55  7:38  Marine x3  
  55  7:39  Marine x2  
  28  8:22  Marine x4  
  28  8:23  Marine  
  28  8:26  SCV  
  34  8:38  SCV  
  35  8:50  SCV  
  36  9:02  Barracks Reactor, SCV  
  37  9:10  Supply Depot  
  32  10:58  SCV  
  33  11:10  SCV  
  34  11:21  Barracks Reactor  
  34  11:22  SCV  
  34  11:23  Barracks Reactor  
  35  11:34  SCV  
  36  11:46  SCV  
  34  11:59  Marine x3  
  34  12:00  Marine x2  
  39  12:02  SCV  
  40  12:14  SCV  
  39  12:30  SCV  
  40  12:42  SCV  
  41  12:55  SCV  
  42  12:58  Barracks Reactor  
  42  13:00  Barracks Reactor  
  42  13:07  SCV  
  43  13:19  SCV  
  44  13:31  SCV  
  45  13:37  Refinery  
  45  13:41  Refinery  
  45  13:43  SCV  
  46  13:55  Engineering Bay, SCV  
  47  14:07  SCV  
  48  14:19  SCV  
  49  14:27  Marine x3  
  49  14:28  Marine x2  
  49  14:29  Marine x3  
  57  14:45  Marine  
  58  14:48  Factory  
  58  15:01  SCV  
  59  15:13  SCV  
  60  15:26  Marine x4  
  60  15:27  Marine x2  
  66  15:34  Factory Tech Lab  
  66  15:50  Command Center  
  66  15:56  Widow Mine  
  68  16:17  Widow Mine  
  68  16:36  Marine  
  68  16:37  Marine  
  71  16:43  Marine  
  71  16:44  Marine x3  
Show
View Real Time Build Order
Export as new Build Order

juantro Protoss - Winner!

Build Orders: 1 Gate Expand, Phoenix Opening, Carriers, Mass Phoenix 

Get SALT Encoding   

  12  0:01  Probe  
  13  0:13  Probe  
  14  0:20  Pylon  
  14  0:25  Probe  
  15  0:38  Probe  
  15  0:39  Gateway  
  16  0:48  Assimilator  
  16  0:50  Probe  
  17  1:02  Probe  
  18  1:14  Probe  
  19  1:26  Pylon, Probe  
  20  1:38  Probe  
  21  1:41  Nexus  
  21  1:48  Cybernetics Core  
  21  1:57  Probe  
  21  1:59  Assimilator  
  22  2:09  Probe  
  23  2:21  Probe  
  23  2:22  Warp Gate  
  24  2:33  Probe  
  25  2:45  Probe  
  26  2:52  Stargate  
  26  2:55  Gateway  
  26  2:57  Probe x2  
  28  3:07  Probe  
  28  3:10  Probe  
  29  3:13  Pylon  
  29  3:15  Probe  
  29  3:18  Probe  
  31  3:20  Stargate  
  31  3:23  Probe  
  32  3:28  Probe  
  32  3:30  Phoenix  
  34  3:34  Assimilator  
  34  3:35  Pylon, Probe  
  34  3:38  Assimilator  
  37  3:47  Probe  
  37  3:48  Probe  
  39  3:53  Phoenix  
  39  3:59  Probe  
  42  4:07  Phoenix, Nexus  
  42  4:14  Probe x2  
  46  4:22  Phoenix  
  48  4:26  Probe x2  
  50  4:35  Probe, Cybernetics Core  
  50  4:38  Probe  
  50  4:42  Protoss Air Weapons Level 1  
  50  4:43  Probe  
  52  4:46  Phoenix  
  52  4:51  Phoenix  
  57  4:53  Probe  
  58  5:08  Probe  
  58  5:11  Phoenix  
  61  5:17  Protoss Air Armor Level 1  
  61  5:20  Probe  
  62  5:29  Fleet Beacon, Probe  
  63  5:36  Assimilator  
  63  5:37  Probe  
  63  5:39  Phoenix  
  63  5:40  Assimilator  
  63  5:41  Probe  
  63  5:42  Probe  
  68  5:44  Pylon  
  68  5:47  Probe  
  69  5:54  Probe  
  70  6:09  Phoenix  
  70  6:17  Phoenix  
  74  6:21  Probe x3  
  77  6:33  Probe x3  
  77  6:36  Forge  
  80  6:40  Forge  
  80  6:44  Phoenix x2  
  80  6:45  Probe  
  85  6:48  Gateway  
  85  6:51  Gateway  
  85  6:53  Gateway  
  85  6:56  Gateway  
  85  6:58  Pylon  
  85  6:59  Shield Battery, Pylon  
  85  7:02  Shield Battery  
  85  7:05  Shield Battery  
  85  7:08  Protoss Ground Armor Level 1  
  85  7:11  Pylon  
  85  7:13  Pylon  
  85  7:15  Protoss Shields Level 1  
  85  7:16  Phoenix x2, Probe x3  
  92  7:28  Probe x3  
  95  7:40  Probe  
  90  8:02  Phoenix x2  
  92  8:18  Stargate  
  92  8:20  Anion Pulse-Crystals  
  92  8:22  Stargate  
  92  8:26  Stargate  
  92  8:39  Nexus  
  92  8:43  Stargate  
  92  8:44  Stargate  
  92  8:47  Stargate  
  92  8:48  Stargate  
  92  8:53  Protoss Air Weapons Level 2  
  92  8:54  Protoss Air Armor Level 2  
  92  8:56  Nexus  
  92  8:57  Pylon  
  92  8:59  Pylon  
  92  9:00  Pylon  
  92  9:01  Carrier, Pylon  
  92  9:07  Phoenix  
  100  9:13  Carrier  
  104  9:40  Carrier  
  104  9:41  Carrier  
  104  9:42  Gateway  
  104  9:44  Gateway  
  104  9:49  Assimilator  
  116  9:53  Assimilator  
  116  9:55  Protoss Ground Weapons Level 1  
  116  10:06  Phoenix  
  118  10:21  Gateway  
  118  10:22  Gateway  
  118  10:23  Probe x5  
  118  10:26  Assimilator  
  123  10:30  Assimilator  
  123  10:32  Pylon  
  123  10:33  Carrier x2  
  123  10:35  Pylon, Probe x3  
  138  10:36  Pylon  
  138  11:02  Carrier x3  
  156  11:15  Twilight Council  
  156  11:17  Carrier  
  162  11:32  Carrier x2  
  172  11:46  Nexus  
  170  11:50  Assimilator  
  170  11:54  Assimilator  
  170  11:58  Pylon  
  170  12:00  Templar Archives  
  170  12:02  Pylon  
  168  12:28  Mothership  
  168  12:29  Carrier x4  
  196  12:32  Psionic Storm  
  198  13:45  High Templar  
  200  14:12  Protoss Ground Armor Level 2  
  200  14:13  Protoss Shields Level 2  
  200  14:32  Protoss Air Weapons Level 3, Protoss Air Armor Level 3  
  187  15:13  High Templar  
  187  15:14  High Templar x5  
  194  15:36  Nexus  
  194  15:48  Pylon  
  194  15:49  Nexus  
  194  15:50  Pylon  
  194  15:52  Pylon  
  194  15:54  Pylon  
  194  15:56  Pylon  
  194  16:00  Nexus  
  194  16:02  Pylon  
  194  16:04  Pylon  
  194  17:42  Protoss Ground Armor Level 3  
  194  17:43  Protoss Shields Level 3  
  194  19:33  Assimilator  
  194  19:39  Assimilator  
  194  19:52  Stalker x2  
  192  19:53  Stalker x4  
  192  19:56  Stalker x2  
Tags
 
Add a new tag
Caveats
  • Supply blocks, unpowered buildings, or Contaminate may cause inaccurate times.
  • Supply counts are checked every 10 seconds.